Map: Bel'Shir Vestige LE (Void)

Players

Pelden

  • Race: Zerg Zerg
  • Spawn Location: 11:00

Natiking - Winner!

  • Race: Protoss Protoss
  • League: Diamond
  • Spawn Location: 5:00

VOD

Have the link to the VOD?

Description

Time

  • Played on: April 11, 2017, 4:22 p.m.
  • Length: 8:03
Show
View Real Time Build Order
Export as new Build Order

Pelden Zerg 

Build Orders: Hatch First 

Get SALT Encoding   

  12  0:01  Drone  
  13  0:12  Overlord  
  13  0:17  Drone  
  14  0:31  Drone x2  
  16  0:38  Drone  
  17  0:54  Drone  
  18  0:59  Hatchery  
  18  1:00  Drone  
  18  1:14  Spawning Pool  
  18  1:15  Drone  
  18  1:24  Drone  
  19  1:28  Overlord  
  19  1:32  Extractor  
  18  1:51  Drone x2  
  20  2:01  Queen  
  22  2:05  Drone  
  23  2:12  Hatchery, Drone  
  23  2:19  Queen  
  23  2:22  Drone  
  26  2:27  Drone  
  27  2:30  Drone  
  28  2:44  Metabolic Boost  
  28  2:46  Drone  
  28  2:49  Drone  
  30  2:53  Zergling x2  
  30  2:54  Queen  
  33  3:00  Drone x2  
  33  3:04  Drone  
  36  3:25  Extractor  
  35  3:27  Roach Warren  
  34  3:37  Drone x2  
  34  3:38  Overlord x2  
  34  3:39  Overlord  
  34  3:40  Drone  
  34  3:41  Drone  
  38  3:42  Drone  
  38  3:52  Drone x2  
  38  3:55  Drone  
  41  4:08  Roach x3, Lair  
  47  4:11  Roach  
  47  4:12  Roach x2  
  53  4:20  Roach x2  
  57  4:41  Roach x2  
  57  4:42  Roach  
  57  4:43  Roach  
  65  4:55  Drone  
  65  4:56  Overlord x4  
  65  4:58  Extractor  
  65  5:01  Extractor  
  65  5:02  Hatchery  
  65  5:04  Drone x3  
  65  5:05  Drone  
  65  5:06  Roach x2  
  63  5:12  Overseer x2  
  56  5:27  Spawning Pool  
  53  5:42  Drone, Evolution Chamber  
  53  5:43  Drone  
  53  5:45  Drone  
  55  5:56  Drone x2  
  57  6:00  Drone  
  56  6:20  Drone  
  56  6:21  Drone x2  
  59  6:26  Drone  
  59  6:27  Drone  
  59  6:31  Drone x5  
  64  6:52  Roach  
  64  6:53  Roach x4  
  58  7:00  Spine Crawler  
  51  7:02  Spine Crawler, Drone  
  51  7:11  Roach  
  51  7:12  Roach x2  
  57  7:20  Roach  
  50  7:26  Roach x2  
  25  7:48  Drone  
  25  7:49  Drone x2  
Show
View Real Time Build Order
Export as new Build Order

Natiking Protoss - Winner!

Build Orders: Dark Templar Rush 

Get SALT Encoding   

  12  0:01  Probe (Chrono Boost)  
  13  0:11  Probe (Chrono Boost)  
  14  0:19  Pylon  
  14  0:22  Probe (Chrono Boost)  
  15  0:29  Assimilator  
  15  0:37  Probe (Chrono Boost)  
  16  0:46  Gateway  
  16  0:48  Probe (Chrono Boost)  
  17  0:58  Probe (Chrono Boost)  
  18  1:09  Probe (Chrono Boost)  
  18  1:10  Pylon  
  19  1:19  Probe (Chrono Boost)  
  19  1:24  Gateway  
  20  1:30  Probe (Chrono Boost)  
  21  1:33  Cybernetics Core  
  21  1:38  Zealot  
  23  1:58  Warp Gate  
  23  1:59  Gateway  
  23  2:00  Probe (Chrono Boost)  
  24  2:01  Pylon  
  24  2:11  Mothership Core (Chrono Boost)  
  24  2:14  Zealot  
  28  2:25  Assimilator  
  29  2:30  Probe (Chrono Boost)  
  29  2:42  Probe (Chrono Boost)  
  29  2:43  Twilight Council  
  30  2:54  Probe (Chrono Boost)  
  31  2:59  Gateway  
  31  3:02  Pylon  
  31  3:05  Zealot  
  34  3:06  Probe (Chrono Boost)  
  34  3:23  Dark Shrine  
  34  4:05  Pylon  
  34  4:12  Probe (Chrono Boost)  
  34  4:16  Gateway  
  35  4:29  Nexus  
  35  4:30  Pylon  
  35  4:36  Dark Templar x3  
  41  5:09  Zealot x4  
  49  5:21  Probe (Chrono Boost)  
  50  5:33  Probe (Chrono Boost)  
  45  5:38  Forge  
  46  5:42  Probe (Chrono Boost)  
  46  5:49  Stalker x4  
  54  5:53  Probe (Chrono Boost)  
  54  5:56  Templar Archives  
  55  6:03  Probe (Chrono Boost)  
  56  6:08  Stalker  
  58  6:12  Photon Cannon  
  58  6:25  Stalker  
  58  6:26  Stalker x3  
  66  6:36  Probe (Chrono Boost)  
  67  6:46  Probe (Chrono Boost)  
  66  6:57  Stalker x2  
  70  7:07  Nexus  
  67  7:27  Stalker x3  
  70  7:33  Probe (Chrono Boost)  
  68  7:45  Probe (Chrono Boost)  
  68  7:50  Stalker  
  70  7:54  Pylon x2  
  70  7:56  Pylon  
Tags
 
Add a new tag
Caveats
  • Supply blocks, unpowered buildings, or Contaminate may cause inaccurate times.
  • Supply counts are checked every 10 seconds.